 Dungeon Crawl Stone Soup version 0.24-a0-496-gbe733cd003 (webtiles) character file.

Game seed: 3429998802283070713

11 Benata the Chiller (level 2, -15/13 HPs)
             Began as a Vine Stalker Ice Elementalist on July 13, 2019.
             Killed from afar by a ball python (28 damage)
             ... with an exploding inner flame
             ... hexed by the player character
             ... on level 1 of the Dungeon.
             The game lasted 00:06:01 (450 turns).

Benata the Chiller (Vine Stalker Ice Elementalist)   Turns: 450, Time: 00:06:02

Health: -15/13     AC:  2    Str: 10    XL:     2   Next: 25%
Magic:  0/6        EV: 12    Int: 15    God:
Gold:   29         SH:  0    Dex: 14    Spells: 4/5 levels left

rFire    . . .     SeeInvis .   (no weapon)
rCold    . . .     Gourm    .   (no shield)
rNeg     . . .     Faith    .   d - +0 robe
rPois    .         Spirit   +   (no helmet)
rElec    .         Reflect  .   (no cloak)
rCorr    .         Harm     .   (no gloves)
MR       .....                  (no boots)
Stlth    ++........             (no amulet)
HPRegen  0.04/turn              (no ring)
MPRegen  0.10/turn              (no ring)

@: no status effects
A: fangs 2, magic shield, antimagic bite, no potion heal 3, rot immunity
a: no special abilities


You were on level 1 of the Dungeon.
You were full.

You visited 1 branch of the dungeon, and saw 1 of its levels.

You collected 29 gold pieces.

Inventory:

Armour
 d - a +0 robe (worn)
Scrolls
 a - 2 scrolls of enchant weapon
 g - 3 scrolls of teleportation
 h - 3 scrolls of remove curse
Potions
 e - a potion of haste {unknown}
 f - a potion of flight {unknown}
Comestibles
 c - 2 rations


   Skills:
 + Level 1.7 Dodging
 + Level 2.5 Stealth
 + Level 2.4 Spellcasting
   Level 1.0 Conjurations
 + Level 3.3 Ice Magic


You had 4 spell levels left.
You knew the following spells:

 Your Spells              Type           Power        Failure   Level  Hunger
a - Freeze                Ice            ##..         5%          1    #......

Your spell library contained the following spells:

 Spells                   Type           Power        Failure   Level  Hunger
 Throw Frost              Conj/Ice       #.....       13%         2    ###....
 Ozocubu's Armour         Chrm/Ice       #.......     32%         3    ###....
 Throw Icicle             Conj/Ice       #.......     65%         4    #####..
 Summon Ice Beast         Ice/Summ       #.......     71%         4    #####..


Dungeon Overview and Level Annotations

Branches:
Dungeon (1/15)

Altars:


Innate Abilities, Weirdness & Mutations

You have extremely sharp teeth.
When hurt, damage is shared between your health and your magic reserves.
Your bite disrupts and absorbs the magic of your enemies.
Potions cannot restore your health.
You are immune to rotting.


Message History

Okay, then.
As you read the scroll labeled TEABASS EHEPT, it crumbles to dust.
The creatures around you are filled with an inner flame!
It was a scroll of immolation.
Casting: Freeze (safe; 5% risk of failure)
Confirm with . or Enter, or press ? or * to list all spells.
You can't see any susceptible monsters within range! (Use Z to cast anyway.) Unknown command.
The ball python bites you but does no damage.
The ball python closely misses you.
Casting: Freeze (safe; 5% risk of failure)
Confirm with . or Enter, or press ? or * to list all spells.
Aiming: Freeze (safe; 5% risk of failure)
Press: ? - help, Shift-Dir - straight line, f - ball python
Aim: a ball python (inner flame)
You freeze the ball python.
The ball python explodes!
The fiery explosion engulfs you!!
Ouch! That really hurt!
You die...

##############
#.............
####.###.........
#....# #.#.#####.
#.######.#.#####.
###.###..†.........
#.@§....##.#.#.#.##
#§.§....†......#.##
#§§§######.#...#.##
#...# #.#...#..#
#...# #.#...##..
##...# #.#.......
#....# ..##..#..#
#.#..# ####.....#
#. ..# #.....#


There were no monsters in sight!

Vanquished Creatures
  2 bats (D:1)
  A giant cockroach (D:1)
  4 goblins (D:1)
  A kobold (D:1)
  A rat (D:1)
9 creatures vanquished.

Notes
Turn   | Place    | Note
-------+----------+-------------------------------------------
     0 | D:1      | Benata the Vine Stalker Ice Elementalist began the quest
                  | for the Orb.
     0 | D:1      | Reached XP level 1. HP: 9/9 MP: 4/4
   378 | D:1      | Reached XP level 2. HP: 13/13 MP: 4/6
   450 | D:1      | Killed from afar by a ball python

Levels and vault maps discovered:
D:1:      ncdulo_watergridlock, layout_loops_ring

Action                   || total
-------------------------++-------
Melee: Unarmed           ||     1
 Cast: Freeze            ||    16
  Use: Scroll            ||     5
  Eat: Ration            ||     1
Armor: Robe              ||     6
Dodge: Dodged            ||     8

Table legend:
 A = Non-vault XP
 B = Vault XP
 C = Vault XP percentage of total XP
 D = Non-vault monster count
 E = Vault monster count
 F = Vault count percentage of total count
                 A         B        C        D         E       F
            +---------+---------+-------+---------+---------+-------
      Total |      16 |       0 |   0.0 |       9 |       0 |   0.0
            +---------+---------+-------+---------+---------+-------
        D:1 |      16 |       0 |   0.0 |       9 |       0 |   0.0
            +---------+---------+-------+---------+---------+-------
